Cogmind - Beta 15 @@@ ROGUE MODE // 2025.05.30 @ 19:40:23 Player: Skysub Result: Destroyed by Optimus with Helical Railgun Performance ------------- Evolutions (0) 0 Regions Visited (4) 800 Robots Destroyed (17) 85 Value Destroyed (528) 528 Prototype IDs (25) 500 Alien Tech Used (0) 0 Bonus (300) 300 TOTAL SCORE: 2213 Bonus ------- Registered with UFD 300 Cogmind --------- Core Integrity 0/250 Matter 275/300 Energy 265/275 System Corruption 0% Temperature Cool (12) Movement Treading (150) Location -8/Scraptown Parts ------- > --- POWER (1) -------- Deuterium Engine > --- PROPULSION (2) --- Overtuned Treads Medium Treads > --- UTILITY (2) ------ Large Storage Unit Surveybot 17 Chip > --- WEAPON (2) ------- DM-GVY's Chainsaw > --- INVENTORY (15) --- Overtuned Treads Deep Structural Scanner Machine Analyzer Experimental Terrain Scanner Advanced Targeting Computer Advanced Melee Analysis Suite Target Analyzer Kinecellerator Improved Medium Armor Plating Shield Generator Hacking Suite Pulse Rifle Improved Datajack Heavy Flail Peak State ------------ > --- POWER ------------ Deuterium Engine > --- PROPULSION ------- Improved Treads Medium Treads > --- UTILITY ---------- Experimental Terrain Scanner Surveybot 17 Chip > --- WEAPON ----------- Powered Cannon > --- INVENTORY -------- Deuterium Engine Nuclear Pulse Thruster Kinecellerator Improved Medium Armor Plating Improved Datajack [Rating: 40] Favorites ----------- Power Deuterium Engine Engine Deuterium Engine Propulsion Subdweller Monowheel Treads Light Treads Wheel Subdweller Monowheel Flight Unit Nuclear Pulse Thruster Utility Structural Scanner Device Structural Scanner Storage Small Storage Unit Processor Surveybot 17 Chip Protection Improved Medium Armor Plating Weapon Subdweller Beam Cannon Energy Cannon Subdweller Beam Cannon Ballistic Gun Subdweller Machine Gun Launcher Subdweller Shrapnel Launcher Special Weapon Mining Laser Slashing Weapon Scythe Build | -11 -10 -10 -8 -8 ------- Run | Yrd Mat Sub Rec Scr Slots Evolved . | . . . . . Power . | . . . . . Propulsion . | . . . . . Utility . | . . . . . Weapon . | . . . . . Parts Attached 30 | 7 . 6 3 14 Power 4 | 1 . 1 1 1 Engine 4 | 1 . 1 1 1 Core . | . . . . . Reactor . | . . . . . Propulsion 10 | 2 . . 2 6 Treads 6 | 2 . . . 4 Leg . | . . . . . Wheel 3 | . . . 2 1 Hover . | . . . . . Flight 1 | . . . . 1 Utility 7 | 2 . 1 . 4 Device 3 | 1 . 1 . 1 Storage 2 | 1 . . . 1 Processor 1 | . . . . 1 Hackware . | . . . . . Protection 1 | . . . . 1 Artifact . | . . . . . Weapon 9 | 2 . 4 . 3 Energy Gun . | . . . . . Energy Cannon 2 | . . 1 . 1 Ballistic Gun 3 | 2 . 1 . . Ballistic Cannon . | . . . . . Launcher 1 | . . 1 . . Special Weapon 1 | . . 1 . . Impact Weapon . | . . . . . Slashing Weapon 2 | . . . . 2 Piercing Weapon . | . . . . . Special Melee Weapon . | . . . . . Unidentified Prototypes 1 | . . . . 1 Parts Lost 3 | . . 2 . 1 Power . | . . . . . Propulsion 2 | . . 2 . . Utility . | . . . . . Weapon 1 | . . . . 1 Highest Loss Streak 2 | . . 2 . 1 To Critical Strikes . | . . . . . Average Backups 6 | 2 4 7 4 6 Power . | . 1 . . . Propulsion . | 1 2 1 . . Utility 2 | . . 1 2 4 Weapon 1 | . 1 3 1 1 Tool/Special . | . . . . . Unused Backups 46 | . . 4 11 31 Power 2 | . . 1 . 1 Propulsion 3 | . . 2 1 . Utility 28 | . . 1 6 21 Weapon 12 | . . . 4 8 Tool/Special 1 | . . . . 1 Average Slot Usage (%) 94 | . 100 98 99 90 Engine 13 | . 14 14 14 12 Treads 9 | . 28 26 . 4 Wheel 17 | . . . 27 21 Device 12 | . 14 14 14 10 Storage 13 | . 14 14 14 12 Energy Cannon 12 | . . 11 14 12 Ballistic Gun 11 | . 28 7 14 10 Special Weapon 1 | . . 7 . . Peak Build Rating 40 | 9 9 12 16 40 Average Rating 14 | 4 9 10 14 17 On Entrance 8 | . 9 9 10 16 Naked Turns 8 | . . . . 8 Heaviest Build 45 | 14 14 27 27 45 Greatest Support 51 | 40 40 40 40 51 Greatest Overweight (x) 7 | . . 7 1 2 Average Overweight (x) . | . . . . 1 Largest Inventory Capacity 15 | 8 8 8 8 15 Average Capacity 10 | 6 8 8 8 13 Most Carried 15 | 4 6 8 8 15 Average Carried 6 | 2 4 7 5 6 Final Capacity 15 | 8 8 8 8 15 Final Carried 14 | 4 6 8 8 14 Class Distribution -------------------- 100% | Mutant Dominant Class ---------------- Mutant | -10/Materials Mutant | -10/Subcaves Mutant | -8/Recycling Mutant | -8/Scraptown Resources | -11 -10 -10 -8 -8 ----------- Run | Yrd Mat Sub Rec Scr Matter Collected 762 | 272 49 108 183 150 Remotely . | . . . . . Salvage Created 745 | 111 166 154 154 160 Parts 46 | 9 9 9 9 10 Haulers Intercepted . | . . . . . Recyclers Shooed 1 | . . . 1 . Parts Field Recycled . | . . . . . Retrieved Matter . | . . . . . Parts Self-Destructed 7 | . . 7 . . Prevented . | . . . . . Kills | -11 -10 -10 -8 -8 ------- Run | Yrd Mat Sub Rec Scr Combat Hostiles Destroyed 13 | . 4 6 1 2 Guns 4 | . 4 . . . Cannons 5 | . . 2 1 2 AOE 4 | . . 4 . . Classes Destroyed 9 | 2 1 3 1 2 Tunneler 1 | 1 . . . . Recycler 2 | 1 . . 1 . Turret 1 | . . 1 . . Swarmer 2 | . . 2 . . Grunt 4 | . 4 . . . Sentry 1 | . . . 1 . Subdweller 4 | . . 4 . . Scrapper 1 | . . . . 1 Elite 1 | . . . . 1 Best Kill Streak 2 | 2 2 2 1 1 Combat Bots Only 2 | . 2 2 1 1 Max Kills in Single Turn 2 | 1 1 2 1 1 Gunslinging . | . . . . . Exploded 2 | . . 2 . . Melee . | . . . . . Uniques/NPCs Destroyed . | . . . . . Combat | -11 -10 -10 -8 -8 -------- Run | Yrd Mat Sub Rec Scr Hostile Shots Fired 166 | . 26 93 8 39 Missed 52 | . 7 30 1 14 Hits 114 | . 19 63 7 25 Projectile 114 | . 19 63 7 25 Damage Taken 1284 | . 238 449 120 477 Core 263 | . . 150 49 64 Absorbed by Shields . | . . . . . Core Remaining (%) 100 | 100 . . . . Volleys Fired 61 | 3 16 34 1 7 Largest 2 | 2 2 2 2 1 Hottest 130 | 40 40 130 110 120 Shots Fired 97 | 6 32 50 2 7 Gun 53 | 6 32 14 1 . Cannon 23 | . . 15 1 7 Launcher 7 | . . 7 . . Special 14 | . . 14 . . Kinetic 60 | 6 32 21 1 . Thermal 37 | . . 29 1 7 Explosive . | . . . . . Electromagnetic . | . . . . . Robot Hit Streak 10 | 2 8 10 2 4 Robot Miss Streak 4 | 1 2 4 . . Penetration Max . | . . . . . Secondary Targets 1 | . 1 . . . Max Gunslinging Chain 1 | . 1 . . . Shots Hit Robots 48 | 4 24 17 1 2 Core Hits 29 | 4 11 10 2 2 Critical Kills . | . . . . . Critical Parts Destroyed . | . . . . . Critical Strikes . | . . . . . Melee Attacks 1 | . . . . 1 Impact . | . . . . . Slashing 1 | . . . . 1 Piercing . | . . . . . Sneak Attacks . | . . . . . Combat Hostiles . | . . . . . Follow-up Attacks . | . . . . . Damage Inflicted 1412 | 42 253 962 69 86 Guns 451 | 42 253 156 . . Cannons 361 | . . 246 29 86 Explosions 560 | . . 560 . . Melee . | . . . . . Ramming 40 | . . . 40 . Kinetic 1011 | 42 253 716 . . Thermal 361 | . . 246 29 86 Explosive . | . . . . . Electromagnetic . | . . . . . Impact . | . . . . . Slashing . | . . . . . Piercing . | . . . . . Highest Corruption . | . . . . . Average Corruption . | . . . . . Corruption Purged . | . . . . . Corruption Blocked . | . . . . . Overload Shots 1 | . . . . 1 Overflow Damage . | . . . . . Projectiles . | . . . . . Explosions . | . . . . . Melee . | . . . . . Knockbacks . | . . . . . Impact . | . . . . . Kinetic . | . . . . . Secondary . | . . . . . Self-Inflicted Damage 19 | . . . 19 . Shots . | . . . . . Rammed 5 | . 1 . 4 . Targets Rammed 5 | . 1 . 4 . Kicked . | . . . . . Crushed . | . . . . . Highest Temperature 103 | . 30 9 51 103 Average Temperature 17 | . 10 4 29 31 Received Heat Transfer 423 | . 132 180 27 84 Siege Activations . | . . . . . Martial Activations . | . . . . . Shielding Activations . | . . . . . Robots Disrupted . | . . . . . Combat Hostiles . | . . . . . Robots Corrupted . | . . . . . Combat Hostiles . | . . . . . Parts Fried . | . . . . . Impact Corruptions . | . . . . . Robots Melted . | . . . . . Combat Hostiles . | . . . . . Parts Melted 2 | . . 1 . 1 Heat Transferred 370 | . . 333 37 . Parts Sabotaged . | . . . . . Parts Stolen . | . . . . . Parts Stripped . | . . . . . Power Chain Reactions . | . . . . . Alert | -11 -10 -10 -8 -8 ------- Run | Yrd Mat Sub Rec Scr Maximum Alert Level . | . . . . . Low Security (%) 100 | 100 100 . 100 . Level 1 . | . . . . . Level 2 . | . . . . . Level 3 . | . . . . . Level 4 . | . . . . . Level 5 . | . . . . . High Security . | . . . . . Max Security . | . . . . . Peak Influence 82 | 5 82 . 79 . Initial 14 | . . . 14 . Average 25 | . 42 . 24 . Influence Increases 486 | 10 162 75 239 . Destroy 0b10 Robot/C 160 | . 80 60 20 . Destroy 0b10 Robot/NC 15 | 10 . . 5 . Destroy Leader 20 | . 20 . . . Successful Hack 50 | . 32 . 18 . Select Force Hacks 210 | . 30 . 180 . Destroy Structure 1 | . . . 1 . Lose Combat Pursuer 30 | . . 15 15 . Influence Decreases 486 | 10 100 106 249 21 Entered New Map 68 | . . 30 17 21 Time Decay 398 | 10 100 56 232 . Lost Part 20 | . . 20 . . Squads Dispatched 1 | . 1 . . . Investigation 1 | . 1 . . . Extermination . | . . . . . Reinforcement . | . . . . . Assault . | . . . . . Garrison . | . . . . . Intercept . | . . . . . Searches Triggered . | . . . . . Construction Impeded . | . . . . . Haulers Reinforced . | . . . . . Active Scanning Responses . | . . . . . Cargo Convoy Interrupts . | . . . . . Stealth | -11 -10 -10 -8 -8 --------- Run | Yrd Mat Sub Rec Scr Distress Signals 1 | . . . 1 . Communications Jammed . | . . . . . Distress Signals . | . . . . . Times Spotted 32 | . 6 10 2 14 Peak Tracking Total 18 | . 4 4 1 18 Tactical Retreats 3 | . . 1 1 1 Traps | -11 -10 -10 -8 -8 ------- Run | Yrd Mat Sub Rec Scr Traps Triggered . | . . . . . Indirectly . | . . . . . Trap Hack Attempts . | . . . . . Triggered . | . . . . . Disarmed . | . . . . . Reprogrammed . | . . . . . Reused . | . . . . . Traps Extracted . | . . . . . Installed . | . . . . . Triggered . | . . . . . Machines | -11 -10 -10 -8 -8 ---------- Run | Yrd Mat Sub Rec Scr Machines Disabled 4 | . . 4 . . Max in Single Turn 2 | . . 2 . . Machines Repaired . | . . . . . Machines Dismantled . | . . . . . Machines Sabotaged . | . . . . . Overloaded Fab Kills . | . . . . . Hacking | -11 -10 -10 -8 -8 --------- Run | Yrd Mat Sub Rec Scr Machines Accessed 18 | . 3 1 10 4 Terminals 6 | . 2 . 4 . Fabricators . | . . . . . Repair Stations . | . . . . . Recycling Units 7 | . 1 . 6 . Scanalyzers . | . . . . . Garrison Access . | . . . . . Total Hacks 75 | . 9 1 32 33 Successful 62 | . 5 1 23 33 Failed 13 | . 4 . 9 . Catastrophic . | . . . . . Database Lockouts . | . . . . . Manual 21 | . 4 . 17 . Terminals 19 | . 5 . 14 . Fabricators . | . . . . . Repair Stations . | . . . . . Recycling Units 22 | . 4 . 18 . Scanalyzers . | . . . . . Garrison Access . | . . . . . Terminal Hacks 39 | . 1 1 4 33 Record 32 | . . . . 32 Part Schematic 3 | . . . 3 . Terminal Index 1 | . 1 . . . Zone Layout 1 | . . . 1 . Proto ID Catalog 2 | . . 1 . 1 Fabricator Hacks . | . . . . . Repair Station Hacks . | . . . . . Recycling Unit Hacks 11 | . 1 . 10 . Report Inventory 7 | . 1 . 6 . Retrieve Components 4 | . . . 4 . Scanalyzer . | . . . . . Garrison Access Hacks . | . . . . . Unauthorized Hacks 12 | . 3 . 9 . Terminals 5 | . 2 . 3 . Botnet 5 | . 2 . 3 . Fabricators . | . . . . . Repair Stations . | . . . . . Recycling Units 7 | . 1 . 6 . Tunnel 7 | . 1 . 6 . Scanalyzers . | . . . . . Garrison Access . | . . . . . Data Cores Recovered . | . . . . . Used . | . . . . . Hacking Detections 8 | . 3 . 5 . Full Trace Events 2 | . . . 2 . Feedback Events . | . . . . . Feedback Blocked . | . . . . . Robot Schematics Acquired . | . . . . . Robots Built . | . . . . . Authchips . | . . . . . Time . | . . . . . Total Robot Build Rating . | . . . . . Part Schematics Acquired 3 | . . . 3 . Parts Built . | . . . . . Authchips . | . . . . . Time . | . . . . . Total Part Build Rating . | . . . . . Parts Repaired . | . . . . . Time . | . . . . . Parts Recycled . | . . . . . Recycled Matter . | . . . . . Retrieved Matter . | . . . . . Retrieved Components 16 | . . . 16 . Parts Scanalyzed . | . . . . . Part Schematics Acquired . | . . . . . Parts Damaged . | . . . . . Bothacking | -11 -10 -10 -8 -8 ------------ Run | Yrd Mat Sub Rec Scr Used RIF Installer . | . . . . . Robots Hacked . | . . . . . Non-combat . | . . . . . Combat . | . . . . . Robot Hacks Applied . | . . . . . Relay Couplers Released . | . . . . . Fabnet Peak Effective % . | . . . . . Robots Rewired . | . . . . . Allies Hacked . | . . . . . Hacks Repelled . | . . . . . Allies | -11 -10 -10 -8 -8 -------- Run | Yrd Mat Sub Rec Scr Total Allies . | . . . . . Largest Group . | . . . . . Highest-Rated Group . | . . . . . Highest-Rated Ally . | . . . . . Total Orders . | . . . . . Ally Attacks . | . . . . . Total Damage . | . . . . . Kills . | . . . . . Allies Corrupted . | . . . . . Allies Melted . | . . . . . Intel | -11 -10 -10 -8 -8 ------- Run | Yrd Mat Sub Rec Scr Active Infowar (turns) 4156 | 8 204 995 895 2054 Terrain 241 | 8 204 2 . 27 Structural 3915 | . . 993 895 2027 Robot Analysis Total . | . . . . . Derelict Logs Recovered 3 | . . . . 3 Drone Launches . | . . . . . Drone Recoveries . | . . . . . Exploration | -11 -10 -10 -8 -8 ------------- Run | Yrd Mat Sub Rec Scr Turns Passed 4883 | 109 204 995 895 2680 Spaces Moved 3551 | 58 94 509 763 2127 Core 26 | 5 . 14 . 7 Treads 897 | 53 94 495 . 255 Legs . | . . . . . Wheels 2296 | . . . 763 1533 Hover . | . . . . . Flight 332 | . . . . 332 Fastest Speed 40 | 50 160 160 110 40 Average Speed 124 | 150 160 166 110 117 Slowest Speed 400 | 160 160 400 120 240 Overloaded Moves . | . . . . . Propulsion Burnouts . | . . . . . Robots Hopped . | . . . . . Potential Cave-ins 2 | . . 2 . . Cave-ins Triggered . | . . . . . Exploration Rate (%) 47 | 5 15 34 99 84 Regions Visited 4 Branch Regions 3 Pre-discovered Areas 17 | . 1 1 6 9 Known Exits Taken . | . . . . . Unknown Exits Taken 4 | 1 1 1 1 . Scrap Searched 11 | . . 2 . 9 Spaces Dug 10 | . . 4 . 6 Terrain Destroyed 91 | . . 85 . 6 Melee 1 | . . . . 1 Projectile 11 | . . 6 . 5 AOE 79 | . . 79 . . Terrain Rammed . | . . . . . Walls Destroyed . | . . . . . Machines Disabled . | . . . . . Actions | -11 -10 -10 -8 -8 --------- Run | Yrd Mat Sub Rec Scr Total 3928 | 71 118 578 821 2340 Wait 75 | . 6 13 4 52 Move 3547 | 57 93 508 762 2127 Hop . | . . . . . Pick Up 103 | 4 2 8 24 65 Fast Attach 17 | 7 . . . 10 Attach 5 | . . . 2 3 Detach 9 | . . . . 9 Swap 14 | . . 8 1 5 Drop 91 | . . 7 23 61 Fire 61 | 3 16 34 1 7 Melee 1 | . . . . 1 Ram 4 | . . . 4 . Kick . | . . . . . Crush 1 | . 1 . . . Escape Stasis . | . . . . . Rewire . | . . . . . Trap . | . . . . . Miscellaneous . | . . . . . Route ------- -11/Scrapyard -10/Materials (discovered 2 exits: [*Min] / *Sub) -10/Subcaves -8/Recycling (discovered 2 exits: [*Fac] / *Scr) -8/Scraptown (discovered 1 exit: [*Fac]) History --------- Turn | Location | Event 20 | -11/Scrapyard | Discovered new exit (range 15) 110 | -11/Scrapyard | Entered Materials 110 | -10/Materials | Discovered new exit (range 7) 298 | -10/Materials | Discovered new exit (range 11) 313 | -10/Materials | Build established: Mutant 314 | -10/Materials | Entered Subcaves 315 | -10/Subcaves | Approached by a straggling Scientist 334 | -10/Subcaves | Learned location of Zion (-7) 334 | -10/Subcaves | Met a Zionite searching for "candidates" 375 | -10/Subcaves | Shifting Twisted Machinery released Sub. Machine Gun 401 | -10/Subcaves | Shifting Twisted Machinery released Sub. Beam Cannon 625 | -10/Subcaves | A swath of the cavern ceiling suddenly collapsed 942 | -10/Subcaves | Shifting Twisted Machinery released Sub. Monowheel 945 | -10/Subcaves | Shifting Twisted Machinery released Sub. Monowheel 991 | -10/Subcaves | Disturbed a concealed Subdweller 1064 | -10/Subcaves | Visited 4L-MR0's lab 1089 | -10/Subcaves | Found Powered Cannon 1184 | -10/Subcaves | Shifting Twisted Machinery released Sub. Optics 1228 | -10/Subcaves | Discovered new exit (range 11) 1239 | -10/Subcaves | Core integrity fell below 50% 1309 | -10/Subcaves | Entered Recycling 1387 | -8/Recycling | Scanned before Scraplab entrance 1399 | -8/Recycling | Discovered new exit (range 11) 1402 | -8/Recycling | Entered Scraplab 1609 | -8/Recycling | Discovered new exit (range 14) 2204 | -8/Recycling | Entered Scraptown 2294 | -8/Scraptown | Visited UFD Registry 2338 | -8/Scraptown | Registered with UFD as "Thermoframe" 2685 | -8/Scraptown | Visited Awakened 2740 | -8/Scraptown | Visited Cyclists 2750 | -8/Scraptown | Entered Cyclist Reading Room 2801 | -8/Scraptown | Scanned Subdweller tech in exchange for log data 2806 | -8/Scraptown | Learned Factory trap positions 2807 | -8/Scraptown | Learned Factory stockpile data 2823 | -8/Scraptown | Discovered new exit (range 13) 3318 | -8/Scraptown | Visited The Evicted 3341 | -8/Scraptown | Visited Bundlers 3398 | -8/Scraptown | Visited Artisan Demo Area 3911 | -8/Scraptown | Visited Junk Repository 3972 | -8/Scraptown | Visited Junk Repository 4030 | -8/Scraptown | Visited Curators Association 4202 | -8/Scraptown | Visited Research Penetration Think Tank 4262 | -8/Scraptown | Visited Infowarlord's Domain 4273 | -8/Scraptown | Visited Cartography Club 4286 | -8/Scraptown | Found Surveybot 17 Chip 4324 | -8/Scraptown | Learned location of Lower Caves (-6) 4324 | -8/Scraptown | Learned location of Testing (-3) 4324 | -8/Scraptown | Learned 12 Materials zone layouts 4324 | -8/Scraptown | Learned 4 Storage zone layouts 4324 | -8/Scraptown | Learned 4 Recycling zone layouts 4324 | -8/Scraptown | Learned 12 Lower Caves zone layouts 4324 | -8/Scraptown | Learned 16 Lower Caves zone layouts 4324 | -8/Scraptown | Learned 8 Upper Caves zone layouts 4324 | -8/Scraptown | Learned 20 Upper Caves zone layouts 4324 | -8/Scraptown | Learned 16 Proximity Caves zone layouts 4324 | -8/Scraptown | Learned 4 Hub_04(d) zone layouts 4324 | -8/Scraptown | Learned Storage emergency access door positions 4324 | -8/Scraptown | Learned 12 Research zone layouts 4324 | -8/Scraptown | Learned location of 1 exit from Factory 4324 | -8/Scraptown | Learned location of 1 exit from Lower Caves 4324 | -8/Scraptown | Learned location of 3 exits from Proximity Caves 4335 | -8/Scraptown | Found Deep Structural Scanner 4354 | -8/Scraptown | Visited Observation Area 4366 | -8/Scraptown | Visited Science Guys 4401 | -8/Scraptown | Attached Powered Cannon, gained temporary slot: Power 4608 | -8/Scraptown | Found Exp. Terrain Scanner 4679 | -8/Scraptown | Attacked by Scraptown defenders 4788 | -8/Scraptown | Found Prototype Slashing Weapon 4838 | -8/Scraptown | Visited DA-N13 Charitable Foundation 4855 | -8/Scraptown | Found DCF Scrap (30 items) 4873 | -8/Scraptown | Core integrity fell below 20% 4880 | -8/Scraptown | Identified DM-GVY's Chainsaw 4884 | -8/Scraptown | Destroyed by Optimus with Helical Railgun Last Messages --------------- Found 162 Matter. Dropped Imp. Treads. Dropped Ovr. Treads. Optimus: "Hey you're that new member, I knew your registry entry had something suspicious about it!" Dropped Nuclear Pulse Thruster. Nuclear Pulse Thruster crushed and broken. Ovr. Treads suddenly begins malfunctioning. Ovr. Treads recovered from malfunction. Acquired Ovr. Treads. Slug penetrates Wall. 2E-OU4(p): "Defend Scraptown!" Slug penetrates Wall. Slug penetrates Earth. Penetrated by Slug. Powered Cannon destroyed. Temporary Power slot lost. Slug penetrates Wall. Identified DM-GVY's Chainsaw. Map ----- +----------------------------------------------------+ | ?????????????????????????????????????????????????? | | ?????????????????????????????????????????????????? | | ?????????????????????????????????????????????????? | | ?????????????????????????????????????????????????? | | ?????????????????????????????????????????????????? | | ?????????????????????????????????????????????????? | | ?????????????????????????????????????????????????? | | ?????????????????????????????????????????????????? | | ?????????????????????????????????????????????????? | | ?????????????????????????????????????????????????? | | ?????????????????????????????????????????????????? | | ?????????????????????????????????????????????????? | | ?????????????????????????????????????????????????? | | ?????????????????????????????????????????????????? | | ?????????????????????????????????????????????????? | | ??????????????????#############??????????????????? | | ???????????????? # # # #??????????????????? | | ???????????????? # ## # # #####?????????????????? | | ?????????????"## # # ##### #?????????????????? | | ?????????????"## # # # # #?????????????????? | | ?????????????"## ## #### ## # ##????????????????? | | ????#??????? "## ## # # # "#????????????????? | | ?#"?????? "## ## #X#### "?????????????????? | | ## ?#" ????? "## ## # #### ## #?????????????????? | | # ?#" """"" "## # # ; #?????????????????? | | # ?#" "## #######@###"##?????????????????? | | # ??? ""## # j #?????????????????? | | ??????? ?## # jj p #?????????????????? | | ########## ##### ## #####p;####?????????????????? | | ########## ##### ## #### ###??????????????????? | | """""""""" """"" "" "####3;;"##?????????????????? | | / "##=!|*= ##?????????????????? | | ] ! "##|//%**##?????????????????? | | !! [!/ "##!![=[*##?????????????????? | | ! ! *!!"#"!=![####?????????????????? | | / !!!] !!%[[*!!!####?????????????????? | | """""""""""""""" !!*!"##*=[!* ##?????????????????? | | """"""""""""""""/=] "## % ##?????????????????? | | ##############"" =[ "## ##????##???????????? | | ###########"" "######################?????? | | ???????????##"" "##??#####################??? | | ?????????####"" "############################ | | "??"##########"" "############################ | | ???######### #"" "## ################## | | ?? ################## | | ?? "## ######?########### | | ???######### #"" "## ################## | | ???"##########"" "## !#######?########## | | ??????????####"" "############################ | | ????????????##"" "##"""""""#########?######### | +----------------------------------------------------+ Best States ------------- Heat Dissipation 25 Energy Generation 15 Energy Capacity 275 Matter Stores 300 Matter Capacity 300 Sight Range 16 Terrain Scan Range 30 Terrain Scan Density 1210 Armor Coverage 225 Evasion (%) 62 Recoil Reduction 2 Item Schematics ----------------- Hvy. Pick | -8/Recycling | Hacked Plasma Cutter | -8/Recycling | Hacked Maul | -8/Recycling | Hacked Robot Schematics ------------------ None Fabricated ------------ Nothing Repaired ---------- Nothing Alien Tech Used ----------------- None Achievements -------------- None Challenges ------------ None Game ------ Seed EfficiencyHybridCasing Manual? 0 Play Time 00:44:41 Cumulative 110.0 hours Start 2025.05.30 @ 18:51:34 End 2025.05.30 @ 19:40:23 Sessions 3 Manual Loads 0 Difficulty Rogue Special Mode None Game No. 115 Rogue 115 Adventurer 0 Explorer 0 Win Type - Total 2 Types 1/0/0/1/0/0/0/0/0/0 Lore% 58 Gallery% 54 Achievement% 48 Wizard Run 0 Options --------- Layout 1 ASCII 0 Keyboard 1 Movement Numpad Keybinds 0 Fullscreen 1 Font 24/Smallcaps Map View 25x17 Zoom Use 82% Tactical HUD 0 Map Filters NONE Filters NONE Steam 1 RUN: 7b50eb88-b46f-45d3-964c-5f20caf9ba7a